Map: Port Aleksander LE

Players

BratOK (Brat_OK) - Winner!

  • Race: Terran Terran
  • Spawn Location: 11:00

JEROS

  • Race: Terran Terran
  • Spawn Location: 5:00

Event: 2019 WCS Spring

VOD

Have the link to the VOD?

Description

Time

  • Played on: May 17, 2019, 4:39 p.m.
  • Length: 18:38

All games in this series

Show
View Real Time Build Order
Export as new Build Order

BratOK Terran - Winner!

Build Orders: Mech 

Get SALT Encoding   

  12  0:00  SCV  
  13  0:12  SCV  
  14  0:17  Supply Depot  
  14  0:24  SCV  
  15  0:28  Refinery  
  15  0:39  SCV  
  16  0:45  Barracks  
  16  0:51  SCV  
  17  1:03  SCV  
  18  1:15  SCV  
  20  1:32  Reaper, Orbital Command  
  20  1:48  Command Center  
  20  1:59  Factory  
  20  2:02  SCV  
  20  2:07  Barracks Reactor  
  21  2:11  Refinery  
  21  2:14  SCV  
  22  2:25  Supply Depot  
  22  2:26  SCV  
  23  2:43  Starport  
  23  2:47  SCV  
  23  2:49  Hellion x2  
  28  2:59  SCV  
  28  3:03  Orbital Command  
  29  3:11  Hellion  
  31  3:14  Hellion  
  31  3:17  SCV  
  34  3:24  Viking  
  36  3:27  Barracks Tech Lab  
  36  3:35  SCV x2  
  36  3:39  Widow Mine  
  42  3:41  Widow Mine  
  42  3:44  Supply Depot  
  42  3:48  SCV  
  43  3:50  SCV  
  44  4:00  SCV  
  45  4:05  Raven  
  45  4:07  Supply Depot  
  47  4:10  Marine x2  
  47  4:12  SCV, Factory Tech Lab  
  47  4:16  Refinery  
  47  4:27  SCV x2  
  47  4:28  Marine x2  
  51  4:33  Siege Tank  
  54  4:39  SCV  
  54  4:41  Supply Depot  
  54  4:45  SCV  
  56  4:46  Marine x2  
  54  4:58  SCV x2  
  56  5:03  Raven  
  56  5:04  Marine  
  56  5:05  Marine  
  60  5:10  SCV, Supply Depot  
  61  5:16  SCV, Siege Tank  
  65  5:22  SCV  
  65  5:24  Marine x2  
  68  5:29  Command Center  
  68  5:31  SCV  
  68  5:34  SCV  
  71  5:43  SCV  
  71  5:46  SCV, Supply Depot  
  72  5:52  Siege Tank  
  74  5:59  SCV x2  
  76  6:08  Viking  
  76  6:09  Viking  
  76  6:10  Supply Depot  
  76  6:11  SCV x2  
  81  6:12  Refinery  
  81  6:15  Supply Depot  
  81  6:22  Barracks Reactor  
  81  6:23  SCV  
  81  6:24  Siege Tank  
  81  6:25  Factory  
  85  6:27  Factory  
  85  6:37  SCV x2  
  85  6:47  Viking x2  
  87  6:49  SCV x2  
  81  6:59  Siege Tank  
  78  7:02  SCV x2  
  78  7:06  Engineering Bay  
  79  7:11  Orbital Command  
  79  7:14  SCV  
  77  7:23  Viking  
  77  7:24  Hellion x2  
  77  7:25  SCV  
  77  7:26  SCV  
  85  7:35  Siege Tank  
  85  7:36  Hellion, Orbital Command  
  77  7:37  SCV  
  77  7:43  Viking  
  70  7:45  Hellion  
  70  7:46  Hellion  
  68  7:54  SCV  
  68  7:57  Siege Tank  
  62  8:07  Hellion x2, Siege Tank  
  62  8:08  SCV  
  62  8:10  Liberator x2  
  62  8:11  SCV x2  
  56  8:28  Hellion  
  56  8:29  SCV  
  56  8:30  SCV  
  66  8:34  SCV  
  66  8:38  Siege Tank  
  71  8:41  SCV  
  71  8:45  Orbital Command  
  71  8:46  Siege Tank  
  74  8:52  SCV  
  74  8:53  SCV  
  76  8:57  Hellion x2  
  79  9:04  SCV  
  79  9:05  SCV  
  81  9:10  SCV, Siege Tank  
  81  9:16  SCV  
  86  9:17  SCV  
  86  9:18  Viking  
  86  9:19  Viking, Hellion  
  86  9:23  SCV  
  97  9:29  SCV x2  
  95  9:35  SCV  
  94  9:41  SCV x2  
  83  9:46  Cyclone x2  
  83  9:47  SCV  
  83  9:49  Viking  
  91  9:53  SCV  
  91  9:54  SCV  
  91  9:59  SCV  
  94  10:05  SCV  
  94  10:06  SCV  
  93  10:09  Viking, Hellion x2  
  93  10:11  SCV  
  97  10:17  SCV  
  97  10:18  SCV  
  97  10:20  Mag-Field Accelerator  
  95  10:23  SCV  
  92  10:28  Supply Depot  
  92  10:29  SCV, Supply Depot  
  92  10:30  SCV  
  92  10:34  Cyclone  
  92  10:35  Cyclone  
  100  10:37  SCV  
  100  10:41  SCV  
  102  10:47  Viking x2  
  106  10:51  SCV x2, Missile Turret  
  106  10:53  Refinery  
  106  10:54  Refinery  
  108  11:00  Missile Turret  
  108  11:03  Hellion  
  110  11:10  Armory  
  110  11:11  Armory  
  110  11:18  Hellion x2, Siege Tank  
  113  11:20  SCV x2  
  113  11:24  Missile Turret  
  113  11:35  SCV x3  
  113  11:39  Supply Depot  
  116  11:41  Supply Depot  
  116  11:43  Siege Tank  
  116  11:44  Viking, Hellion x2  
  125  11:47  Command Center  
  125  11:50  Siege Tank  
  125  11:52  SCV x3  
  125  11:53  Viking  
  131  12:04  SCV  
  128  12:09  SCV x2  
  128  12:13  Hellion x2  
  131  12:23  Sensor Tower  
  131  12:27  Barracks Reactor  
  131  12:28  Terran Vehicle And Ship Armor Level 1, Terran Vehicle Weapons Level 1  
  131  12:30  Factory  
  131  12:31  Factory  
  131  12:36  SCV  
  131  12:37  SCV  
  133  12:45  Viking x2, Missile Turret  
  133  12:46  Hellion, Siege Tank x2  
  133  12:47  Hellion  
  147  12:57  Missile Turret  
  147  12:58  Missile Turret  
  147  13:00  Planetary Fortress  
  147  13:09  SCV x2  
  147  13:11  Refinery x2  
  147  13:12  Hellion x2  
  153  13:19  Factory Tech Lab  
  153  13:22  Infernal Pre-Igniter  
  153  13:23  Missile Turret  
  153  13:25  Hellion, Siege Tank x2  
  161  13:28  Viking  
  163  13:36  Viking  
  163  13:39  Supply Depot  
  163  13:40  Supply Depot  
  163  13:41  Supply Depot  
  157  13:48  Hellion, Siege Tank  
  162  13:49  Hellion, Missile Turret  
  162  13:51  Missile Turret  
  164  13:57  Drilling Claws  
  164  14:00  Viking, Siege Tank  
  169  14:04  Siege Tank  
  169  14:05  Hellion  
  169  14:06  Viking  
  176  14:20  Siege Tank  
  178  14:33  Hellion, Siege Tank  
  178  14:34  Hellion  
  178  14:36  Siege Tank  
  188  14:43  Terran Vehicle Weapons Level 2, Terran Vehicle And Ship Armor Level 2  
  188  14:45  Supply Depot  
  188  14:46  Supply Depot  
  188  14:47  Viking x2  
  173  14:54  Hellion, Siege Tank  
  167  15:03  Hellion  
  167  15:05  Siege Tank  
  149  15:08  Siege Tank  
  149  15:12  Orbital Command  
  132  15:16  Hellion  
  126  15:25  Hellion  
  126  15:26  Siege Tank  
  131  15:28  Missile Turret  
  131  15:29  SCV x2  
  133  15:36  Liberator x2  
  133  15:37  Hellion, Siege Tank  
  133  15:40  Siege Tank  
  141  15:52  Factory  
  146  16:09  Siege Tank  
  149  16:12  Siege Tank  
  149  16:14  Factory Tech Lab  
  149  16:16  SCV x2  
  149  16:17  SCV  
  153  16:28  SCV x2  
  153  16:35  Siege Tank  
  153  16:36  Hellion x2  
  153  16:39  Viking  
  158  16:44  Viking  
  160  16:55  Missile Turret, Supply Depot  
  160  16:56  Siege Tank x2  
  160  16:57  Hellion x2  
  169  17:03  Missile Turret  
  169  17:04  Missile Turret  
  169  17:07  Siege Tank  
  172  17:12  Command Center  
  172  17:18  Hellion, Smart Servos, Widow Mine x2  
  172  17:19  Viking  
  180  17:28  Cyclone x2  
  186  17:35  Hellion  
  188  17:41  Missile Turret  
  188  17:42  Hellion  
  187  18:03  Supply Depot  
  187  18:05  Supply Depot  
Show
View Real Time Build Order
Export as new Build Order

JEROS Terran 

Build Orders:  

Get SALT Encoding   

  12  0:00  SCV  
  13  0:13  SCV  
  14  0:18  Supply Depot  
  14  0:25  SCV  
  15  0:29  Refinery  
  15  0:40  SCV  
  16  0:47  Barracks  
  16  0:52  SCV  
  17  0:58  Refinery  
  17  1:04  SCV  
  18  1:16  SCV  
  19  1:34  Reaper, Orbital Command  
  19  1:39  Factory  
  20  1:49  Supply Depot  
  20  2:00  SCV  
  21  2:06  Reaper  
  22  2:12  SCV  
  23  2:24  SCV, Hellion  
  26  2:33  Command Center  
  27  2:37  SCV  
  27  2:39  Barracks Reactor  
  27  2:45  Hellion  
  27  2:50  SCV  
  30  2:54  Supply Depot  
  30  3:02  Starport  
  30  3:06  SCV  
  30  3:09  Factory Tech Lab  
  31  3:18  SCV, Marine x2  
  34  3:27  Refinery  
  34  3:30  Cyclone  
  37  3:36  SCV  
  37  3:40  Starport Tech Lab, Marine  
  39  3:44  Marine  
  39  3:48  Orbital Command  
  40  3:52  SCV  
  41  3:58  Marine  
  41  4:00  Raven  
  41  4:02  Marine  
  45  4:04  SCV  
  46  4:10  Siege Tank  
  49  4:20  Marine x2  
  49  4:21  SCV  
  49  4:22  SCV  
  53  4:27  Supply Depot  
  53  4:35  Supply Depot  
  53  4:36  SCV  
  54  4:40  SCV  
  53  4:47  Raven  
  53  4:48  SCV  
  53  4:49  Marine x2  
  57  4:52  SCV  
  54  5:00  SCV  
  54  5:02  Supply Depot  
  54  5:05  SCV  
  56  5:09  Siege Tank  
  56  5:12  SCV  
  60  5:17  SCV  
  60  5:19  Marine  
  60  5:20  Marine  
  63  5:25  SCV  
  63  5:27  Supply Depot  
  64  5:29  SCV  
  65  5:37  SCV  
  65  5:41  SCV, Siege Tank  
  70  5:44  Viking x2  
  70  5:48  Marine  
  70  5:49  SCV, Stimpack, Supply Depot  
  76  5:55  Supply Depot  
  76  5:58  SCV  
  76  6:01  SCV  
  78  6:09  Marine  
  79  6:12  Supply Depot  
  79  6:13  Siege Tank  
  79  6:14  Viking x2  
  79  6:18  Supply Depot  
  82  6:29  SCV  
  82  6:31  SCV  
  82  6:32  Refinery  
  84  6:34  Command Center  
  84  6:41  SCV  
  84  6:43  SCV  
  86  6:53  SCV  
  82  6:55  SCV  
  82  6:59  Siege Tank, Marine  
  82  7:00  Viking x2  
  85  7:11  SCV x2  
  87  7:16  Supply Depot  
  87  7:23  SCV x2  
  87  7:25  Marine  
  89  7:30  Engineering Bay  
  89  7:31  Engineering Bay  
  86  7:37  SCV x2  
  86  7:40  Viking, Siege Tank  
  86  7:43  Marine  
  86  7:53  Viking  
  82  8:01  Marine  
  82  8:03  Terran Infantry Weapons Level 1, Terran Infantry Armor Level 1  
  82  8:04  SCV  
  82  8:05  SCV  
  82  8:10  Viking  
  68  8:24  Combat Shield  
  68  8:25  Barracks  
  68  8:26  Barracks  
  68  8:27  Barracks  
  68  8:30  Barracks  
  68  8:32  SCV x2  
  70  8:38  Liberator  
  70  8:43  Orbital Command  
  70  8:44  SCV  
  70  8:45  Marauder  
  70  8:47  Siege Tank  
  76  8:54  Viking  
  78  9:00  SCV x2  
  83  9:06  Armory, Orbital Command  
  83  9:09  Marauder  
  85  9:12  SCV  
  85  9:13  SCV  
  80  9:25  SCV x2  
  80  9:27  Barracks Tech Lab x2  
  80  9:28  Barracks Tech Lab, Barracks Reactor  
  77  9:32  SCV  
  77  9:37  SCV  
  76  9:42  SCV  
  76  9:44  SCV  
  77  9:46  Marauder  
  77  9:47  Marauder x2  
  77  9:49  SCV  
  78  9:54  SCV  
  78  9:57  SCV  
  76  10:03  Marine  
  76  10:06  Siege Tank  
  74  10:07  Marine  
  74  10:08  Marauder  
  74  10:11  SCV x2, Refinery  
  74  10:12  Refinery  
  77  10:20  SCV  
  64  10:23  SCV x2  
  64  10:27  Marine x2  
  64  10:28  Marauder x2  
  72  10:37  SCV x2  
  72  10:38  SCV  
  72  10:40  Marine x2  
  77  10:44  Concussive Shells  
  77  10:49  SCV x2  
  79  11:03  Marine x2  
  79  11:04  Marauder x3  
  87  11:05  Marauder  
  87  11:07  SCV x2  
  86  11:19  Siege Tank  
  86  11:21  Marine x2  
  86  11:22  SCV x2  
  86  11:25  SCV, Marauder x2  
  96  11:34  SCV x2  
  96  11:37  SCV, Refinery  
  99  11:41  Medivac x2  
  99  11:42  Marauder, Marine x2  
  99  11:46  SCV x2  
  109  11:49  SCV  
  109  11:52  Barracks Reactor  
  110  11:54  Sensor Tower  
  110  11:58  SCV x2  
  110  12:00  Marine  
  110  12:01  SCV, Marauder, Marine  
  113  12:06  Supply Depot  
  114  12:10  SCV x2  
  115  12:18  Marine  
  115  12:19  Marauder, Siege Tank  
  115  12:20  Medivac  
  115  12:22  SCV  
  122  12:26  SCV x2  
  124  12:30  Medivac  
  124  12:33  Marauder  
  124  12:36  SCV  
  129  12:38  SCV  
  130  12:45  SCV  
  130  12:48  SCV, Marine x4  
  130  12:49  Marauder x2  
  130  12:50  Medivac  
  142  13:02  Supply Depot  
  142  13:03  Supply Depot  
  142  13:05  Supply Depot  
  142  13:12  Medivac  
  144  13:13  Marine x2  
  144  13:14  Marauder  
  144  13:16  Marine  
  149  13:20  Supply Depot  
  149  13:23  Marauder, Medivac, Siege Tank, Marine  
  156  13:33  Marine x2  
  158  13:34  Marauder  
  158  13:38  SCV x3  
  159  13:42  Medivac  
  161  13:52  Marine x2  
  161  13:53  Marauder x2, Medivac, Marine  
  172  13:55  Marauder  
  172  14:00  Terran Infantry Armor Level 2, Terran Infantry Weapons Level 2  
  172  14:10  Siege Tank, Marine  
  172  14:14  Marauder  
  172  14:15  Supply Depot  
  172  14:16  Supply Depot  
  178  14:19  Supply Depot  
  178  14:22  Marine x2  
  178  14:23  Marine  
  181  14:36  Supply Depot  
  181  14:37  Marauder, Medivac x2  
  186  14:47  Marauder, Marine x2  
  186  14:51  SCV x3  
  143  15:10  Marine x2  
  143  15:11  Marauder  
  143  15:12  Marauder, Marine  
  99  15:26  Marine x2  
  99  15:27  Medivac x2, Siege Tank  
  106  15:32  Marauder  
  106  15:33  Marine  
  106  15:34  Marauder, Marine  
  106  15:35  Command Center  
  112  15:47  SCV x2  
  112  15:48  Marine x2  
  112  15:49  Marauder  
  118  15:54  Marine x3  
  118  15:55  Starport x2  
  117  16:09  Marauder, Marine  
  116  16:12  SCV x2  
  116  16:13  Marine  
  116  16:14  Marauder, Marine  
  122  16:21  Barracks  
  122  16:22  Barracks  
  122  16:23  Barracks  
  122  16:30  SCV x3  
  124  16:42  SCV x3  
  127  16:48  Planetary Fortress  
  127  16:58  Marine x2  
  127  16:59  Marauder x2, Marine x2  
  135  17:06  Medivac x2  
  139  17:22  Barracks Tech Lab x2, Marine x2  
  142  17:23  Marauder  
  138  17:30  Marauder, Marine x2  
  136  17:39  Marine x2  
  126  17:54  Marine x2  
  126  17:55  Marauder  
  126  18:02  Marine x2  
  126  18:03  Marauder  
  130  18:18  Marine x3  
Tags
 
Add a new tag
Caveats
  • Supply blocks, unpowered buildings, or Contaminate may cause inaccurate times.
  • Supply counts are checked every 10 seconds.